| TOP OF THE 1ST |
|
Greenville Drive batting - Pitching for Lake County Captains : RHP Bruce Poff
|
|
Pitching: RHP Bruce Poff
|
|
|
Batting: RHB David Norum
|
0-0: Ball 1-0: Fly out, F8 (Flyball, 89M, EV 85.6 MPH)
|
|
Batting: LHB Sergio Tinoco
|
0-0: Called Strike 0-1: Ball 1-1: Called Strike 1-2: Strikes out looking
|
|
Batting: RHB Dan Friess
|
0-0: Ball 1-0: Ball 2-0: Ball 3-0: Base on Balls
|
|
Batting: RHB Devon Fourcade
|
0-0: Fly out, F8 (Flyball, 8RM, EV 87.5 MPH)
|
| Top of the 1st over - 0 runs, 0 hits, 0 errors, 1 left on base; Greenville 0 - Lake County 0 |
| BOTTOM OF THE 1ST |
|
Lake County Captains batting - Pitching for Greenville Drive : LHP Datu Callanta
|
|
Pitching: LHP Datu Callanta
|
|
|
Batting: LHB Yasuo Igarashi
|
0-0: Called Strike 0-1: Foul Ball, location: 2F 0-2: Ball 1-2: Strikes out swinging
|
|
Batting: LHB Tim Fuller
|
0-0: Called Strike 0-1: Swinging Strike 0-2: Strikes out looking
|
|
Batting: RHB Danny Millsaps
|
0-0: Ball 1-0: SINGLE (Line Drive, 7S, EV 98.1 MPH)
|
|
Batting: LHB Justin Rankin
|
0-0: Swinging Strike 0-1: Called Strike 0-2: Strikes out swinging
|
| Bottom of the 1st over - 0 runs, 1 hit, 0 errors, 1 left on base; Greenville 0 - Lake County 0 |
| TOP OF THE 2ND |
|
Greenville Drive batting - Pitching for Lake County Captains : RHP Bruce Poff
|
|
Batting: RHB David Clark
|
0-0: Foul Ball, location: 2F 0-1: Called Strike 0-2: Strikes out swinging
|
|
Batting: RHB Larry Brocato
|
0-0: Ground out 6-3 (Groundball, 6, EV 86.9 MPH)
|
|
Batting: RHB Paul Long
|
0-0: Called Strike 0-1: Called Strike 0-2: Strikes out looking
|
| Top of the 2nd over - 0 runs, 0 hits, 0 errors, 0 left on base; Greenville 0 - Lake County 0 |
| BOTTOM OF THE 2ND |
|
Lake County Captains batting - Pitching for Greenville Drive : LHP Datu Callanta
|
|
Batting: SHB Travis Burnett
|
0-0: Called Strike 0-1: Ball 1-1: Called Strike 1-2: Ball 2-2: Ball 3-2: Base on Balls
|
|
Batting: RHB Adrian Martinelli
|
0-0: Foul Ball, location: 2F 0-1: Foul Ball, location: 2F 0-2: Ball 1-2: Fly out, F3 (Popup, 3F, EV 66.9 MPH)
|
|
Batting: LHB Danny Moreno
|
0-0: Called Strike 0-1: Ball 1-1: Foul Ball, location: 2F 1-2: Fly out, F8 (Flyball, 78M, EV 83.1 MPH)
|
|
Batting: LHB Ubbe de Bruin
|
0-0: Ball 1-0: Called Strike 1-1: Called Strike 1-2: Ground out U3 (Groundball, 3L, EV 102.5 MPH)
|
| Bottom of the 2nd over - 0 runs, 0 hits, 0 errors, 1 left on base; Greenville 0 - Lake County 0 |
| TOP OF THE 3RD |
|
Greenville Drive batting - Pitching for Lake County Captains : RHP Bruce Poff
|
|
Batting: RHB Adugna Chandu
|
0-0: Ball 1-0: Ball 2-0: Called Strike 2-1: Fly out, F8 (Flyball, 8RM, EV 78.8 MPH)
|
|
Batting: RHB Dan Sorrow
|
0-0: Foul Ball, location: 2F 0-1: Ball 1-1: Ground out 6-3 (Groundball, 6, EV 90.0 MPH)
|
|
Batting: RHB David Norum
|
0-0: Called Strike 0-1: Ball 1-1: Hit by Pitch
|
|
Batting: LHB Sergio Tinoco
|
0-0: Foul Ball, location: 2F 0-1: Ball 1-1: Ball 2-1: Ball 3-1: Foul Ball, location: 2F 3-2: SINGLE (Line Drive, 78S, EV 102.5 MPH) David Norum to second David Norum to third
|
|
Batting: RHB Dan Friess
|
0-0: Called Strike 0-1: Ball Wild Pitch! David Norum scores Sergio Tinoco to second 1-1: Ball 2-1: SINGLE (Line Drive, 6D, EV 94.4 MPH) Sergio Tinoco to third Runner from 3rd tries for Home, SAFE, throw by LF to home
|
|
Batting: RHB Devon Fourcade
|
0-0: Ball 1-0: Fly out, F9 (Flyball, 9S, EV 88.1 MPH)
|
| Top of the 3rd over - 2 runs, 2 hits, 0 errors, 1 left on base; Greenville 2 - Lake County 0 |
| BOTTOM OF THE 3RD |
|
Lake County Captains batting - Pitching for Greenville Drive : LHP Datu Callanta
|
|
Batting: LHB Alan Kelly
|
0-0: Ground out 5-3 (Groundball, 56, EV 88.8 MPH)
|
|
Batting: LHB Yasuo Igarashi
|
0-0: Foul Ball, location: 2F 0-1: Foul Ball, location: 2F 0-2: Fly out, F8 (Line Drive, 8RM, EV 85.0 MPH)
|
|
Batting: LHB Tim Fuller
|
0-0: Ball 1-0: Foul Ball, location: 2F 1-1: Foul Ball, location: 2F 1-2: Foul Ball, location: 2F 1-2: Strikes out swinging
|
| Bottom of the 3rd over - 0 runs, 0 hits, 0 errors, 0 left on base; Greenville 2 - Lake County 0 |
| TOP OF THE 4TH |
|
Greenville Drive batting - Pitching for Lake County Captains : RHP Bruce Poff
|
|
Batting: RHB David Clark
|
0-0: Swinging Strike 0-1: Ground out 3-1 (Groundball, 34, EV 85.6 MPH)
|
|
Batting: RHB Larry Brocato
|
0-0: Ball 1-0: Ball 2-0: Foul Ball, location: 2F 2-1: Foul Ball, location: 2F 2-2: Ball 3-2: Fly out, F5 (Popup, 5SF, EV 72.5 MPH)
|
|
Batting: RHB Paul Long
|
0-0: Ground out 3-1 (Groundball, 34, EV 90.6 MPH)
|
| Top of the 4th over - 0 runs, 0 hits, 0 errors, 0 left on base; Greenville 2 - Lake County 0 |
| BOTTOM OF THE 4TH |
|
Lake County Captains batting - Pitching for Greenville Drive : LHP Datu Callanta
|
|
Batting: RHB Danny Millsaps
|
0-0: Fly out, F4 (Line Drive, 4, EV 67.5 MPH)
|
|
Batting: LHB Justin Rankin
|
0-0: Called Strike 0-1: Ball 1-1: Foul Ball, location: 2F 1-2: Strikes out looking
|
|
Batting: SHB Travis Burnett
|
0-0: Foul Ball, location: 2F 0-1: Called Strike 0-2: Ground out 4-3 (Groundball, 34, EV 88.8 MPH)
|
| Bottom of the 4th over - 0 runs, 0 hits, 0 errors, 0 left on base; Greenville 2 - Lake County 0 |
| TOP OF THE 5TH |
|
Greenville Drive batting - Pitching for Lake County Captains : RHP Bruce Poff
|
|
Batting: RHB Adugna Chandu
|
0-0: Foul Ball, location: 2F 0-1: Swinging Strike 0-2: Foul Ball, location: 2F 0-2: Fly out, F6 (Popup, 6M, EV 70.6 MPH)
|
|
Batting: RHB Dan Sorrow
|
0-0: Called Strike 0-1: Ball 1-1: Foul Ball, location: 2F 1-2: Strikes out looking
|
|
Batting: RHB David Norum
|
0-0: Ball 1-0: Ground out 4-3 (Groundball, 4, EV 100.6 MPH)
|
| Top of the 5th over - 0 runs, 0 hits, 0 errors, 0 left on base; Greenville 2 - Lake County 0 |
| BOTTOM OF THE 5TH |
|
Lake County Captains batting - Pitching for Greenville Drive : LHP Datu Callanta
|
|
Batting: RHB Adrian Martinelli
|
0-0: Called Strike 0-1: SINGLE (Line Drive, 78S, EV 93.8 MPH)
|
|
Batting: LHB Danny Moreno
|
0-0: Ball 1-0: Ball 2-0: Called Strike 2-1: Called Strike 2-2: Strikes out swinging
|
|
Batting: LHB Ubbe de Bruin
|
0-0: Ball 1-0: Ball 2-0: Ball 3-0: Called Strike 3-1: Grounds into double play, 6-4-3 (Groundball, 6, EV 100.0 MPH)
|
| Bottom of the 5th over - 0 runs, 1 hit, 0 errors, 0 left on base; Greenville 2 - Lake County 0 |
| TOP OF THE 6TH |
|
Greenville Drive batting - Pitching for Lake County Captains : RHP Bruce Poff
|
|
Batting: LHB Sergio Tinoco
|
0-0: Foul Ball, location: 2F 0-1: Fly out, F8 (Line Drive, 8RD, EV 100.0 MPH)
|
|
Batting: RHB Dan Friess
|
0-0: Called Strike 0-1: Ball 1-1: Foul Ball, location: 2F 1-2: Fly out, F7 (Flyball, 7, EV 81.3 MPH)
|
|
Batting: RHB Devon Fourcade
|
0-0: Ball 1-0: Foul Ball, location: 2F 1-1: Ball 2-1: SINGLE (Groundball, 4S, EV 70.6 MPH) (infield hit)
|
|
Batting: RHB David Clark
|
0-0: Called Strike 0-1: Ball 1-1: Swinging Strike 1-2: Foul Ball, location: 2F 1-2: Ball 2-2: Ball 3-2: Foul Ball, location: 2F 3-2: Foul Ball, location: 2F 3-2: Base on Balls Devon Fourcade to second
|
|
Batting: RHB Larry Brocato
|
0-0: Ball 1-0: Ground out 2-3 (Groundball, 2R, EV 65.0 MPH)
|
| Top of the 6th over - 0 runs, 1 hit, 0 errors, 2 left on base; Greenville 2 - Lake County 0 |
| BOTTOM OF THE 6TH |
|
Lake County Captains batting - Pitching for Greenville Drive : LHP Datu Callanta
|
|
Batting: LHB Alan Kelly
|
0-0: Ball 1-0: Ball 2-0: Swinging Strike 2-1: SINGLE (Line Drive, 7S, EV 100.0 MPH)
|
|
Batting: LHB Yasuo Igarashi
|
0-0: Foul Ball, location: 2F 0-1: Ball 1-1: Foul Ball, location: 2F 1-2: Ball 2-2: DOUBLE (Line Drive, 3D, EV 101.3 MPH) Alan Kelly to third
|
|
Batting: LHB Tim Fuller
|
0-0: Called Strike 0-1: Swinging Strike 0-2: Foul Ball, location: 2F 0-2: Strikes out swinging
|
|
Batting: RHB Danny Millsaps
|
0-0: Ball 1-0: Swinging Strike 1-1: Ball 2-1: Ball 3-1: SINGLE (Line Drive, 8RS, EV 105.0 MPH) Alan Kelly scores Yasuo Igarashi to third
|
|
Batting: LHB Justin Rankin
|
0-0: Fly out, F4 (Popup, 4S, EV 81.3 MPH)
|
|
Batting: SHB Travis Burnett
|
0-0: Ball 1-0: Foul Ball, location: 2F 1-1: Called Strike 1-2: Foul Ball, location: 2F 1-2: Strikes out looking
|
| Bottom of the 6th over - 1 run, 3 hits, 0 errors, 2 left on base; Greenville 2 - Lake County 1 |
| TOP OF THE 7TH |
|
Greenville Drive batting - Pitching for Lake County Captains : RHP Bruce Poff
|
|
Batting: RHB Paul Long
|
0-0: Ball 1-0: Called Strike 1-1: Foul Ball, location: 2F 1-2: Foul Ball, location: 2F 1-2: Foul Ball, location: 2F 1-2: Ball 2-2: Ground out 1-3 (Groundball, 13S, EV 73.8 MPH)
|
|
Batting: RHB Adugna Chandu
|
0-0: Fly out, F8 (Flyball, 8LXD, EV 99.4 MPH)
|
|
Batting: RHB Dan Sorrow
|
0-0: Ball 1-0: Foul Ball, location: 2F 1-1: Swinging Strike 1-2: Ball 2-2: Ball 3-2: Foul Ball, location: 2F 3-2: Foul Ball, location: 2F 3-2: Strikes out looking
|
| Top of the 7th over - 0 runs, 0 hits, 0 errors, 0 left on base; Greenville 2 - Lake County 1 |
| BOTTOM OF THE 7TH |
|
Lake County Captains batting - Pitching for Greenville Drive : LHP Datu Callanta
|
|
Batting: RHB Adrian Martinelli
|
0-0: Ground out 2-3 (Groundball, 15S, EV 77.5 MPH)
|
|
Pinch Hitting: SHB Charlie Diesel
|
0-0: Ball 1-0: Ball 2-0: Called Strike 2-1: Ground out 5-3 (Groundball, 56S, EV 71.3 MPH)
|
|
Batting: LHB Ubbe de Bruin
|
0-0: Called Strike 0-1: Ball 1-1: Ball 2-1: Ground out 6-3 (Groundball, 4M, EV 87.5 MPH)
|
| Bottom of the 7th over - 0 runs, 0 hits, 0 errors, 0 left on base; Greenville 2 - Lake County 1 |
| TOP OF THE 8TH |
|
Greenville Drive batting - Pitching for Lake County Captains : RHP Bruce Poff
|
|
Pitching: RHP Tatsuhito Shiota
|
|
|
Now at 1B: Charlie Diesel
|
|
|
Batting: RHB David Norum
|
0-0: Called Strike 0-1: Foul Ball, location: 2F 0-2: Strikes out swinging
|
|
Batting: LHB Sergio Tinoco
|
0-0: Ball 1-0: Swinging Strike 1-1: Ball 2-1: Foul Ball, location: 2F 2-2: Foul Ball, location: 2F 2-2: Strikes out looking
|
|
Batting: RHB Dan Friess
|
0-0: Ball 1-0: Swinging Strike 1-1: Swinging Strike 1-2: Ball 2-2: Foul Ball, location: 2F 2-2: Fly out, F7 (Flyball, 7, EV 89.4 MPH)
|
| Top of the 8th over - 0 runs, 0 hits, 0 errors, 0 left on base; Greenville 2 - Lake County 1 |
| BOTTOM OF THE 8TH |
|
Lake County Captains batting - Pitching for Greenville Drive : LHP Datu Callanta
|
|
Batting: LHB Alan Kelly
|
0-0: Ball 1-0: Ball 2-0: Foul Ball, location: 2F 2-1: Foul Ball, location: 2F 2-2: Ball 3-2: Base on Balls
|
|
Pitching: RHP Cameron Williams
|
|
|
Batting: LHB Yasuo Igarashi
|
0-0: Ball 1-0: Ball 2-0: Foul Ball, location: 2F 2-1: Swinging Strike 2-2: Foul Ball, location: 2F 2-2: Fielders Choice at 2nd, 3-6 (Groundball, 3S, EV 85.6 MPH)
|
|
Batting: LHB Tim Fuller
|
0-0: Called Strike 0-1: Ball 1-1: Ball 2-1: Swinging Strike 2-2: Ball 3-2: Strikes out swinging
|
|
Batting: RHB Danny Millsaps
|
0-0: Ball 1-0: Fielders Choice at 2nd, 6-4 (Groundball, 56, EV 103.8 MPH)
|
| Bottom of the 8th over - 0 runs, 0 hits, 0 errors, 1 left on base; Greenville 2 - Lake County 1 |
| TOP OF THE 9TH |
|
Greenville Drive batting - Pitching for Lake County Captains : RHP Tatsuhito Shiota
|
|
Pitching: LHP Alcander Magos
|
|
|
Batting: RHB Devon Fourcade
|
0-0: Foul Ball, location: 2F 0-1: DOUBLE (Line Drive, 89D, EV 111.9 MPH)
|
|
Batting: RHB David Clark
|
0-0: Called Strike 0-1: Ground out U3 (Groundball, 34, EV 78.8 MPH) Devon Fourcade to third
|
|
Batting: RHB Larry Brocato
|
0-0: Fly out, F9 (Flyball, 9LM, EV 95.6 MPH)
|
|
Batting: RHB Paul Long
|
0-0: Ball 1-0: Ball 2-0: Called Strike 2-1: DOUBLE (Line Drive, 7LS, EV 110.0 MPH) Devon Fourcade scores
|
|
Batting: RHB Adugna Chandu
|
0-0: Ball 1-0: Called Strike 1-1: Swinging Strike 1-2: Ground out 4-3 (Groundball, 4M, EV 81.3 MPH)
|
| Top of the 9th over - 1 run, 2 hits, 0 errors, 1 left on base; Greenville 3 - Lake County 1 |
| BOTTOM OF THE 9TH |
|
Lake County Captains batting - Pitching for Greenville Drive : RHP Cameron Williams
|
|
Pitching: RHP Roberto Morales
|
|
|
Batting: LHB Justin Rankin
|
0-0: Ball 1-0: Ball 2-0: SINGLE (Groundball, 6, EV 95.0 MPH)
|
|
Batting: SHB Travis Burnett
|
0-0: Ground out U3 (Groundball, 3S, EV 73.1 MPH) Justin Rankin to second
|
|
Batting: RHB Adrian Martinelli
|
0-0: Ball Balk! Justin Rankin to third 1-0: Foul Ball, location: 2F 1-1: Ground out 4-3 (Groundball, 4, EV 91.3 MPH) Justin Rankin scores
|
|
Batting: SHB Charlie Diesel
|
0-0: Ground out 3-1 (Groundball, 34S, EV 80.0 MPH)
|
| Bottom of the 9th over - 1 run, 1 hit, 0 errors, 0 left on base; Greenville 3 - Lake County 2 |
|